Map: Sueño ártico EE

Players

FreeMunny - Winner!

  • Race: Zerg Zerg
  • League: Platinum
  • Spawn Location: 6:00

Allelujah - Winner!

  • Race: Protoss Protoss
  • Spawn Location: 5:00

MrFercho

  • Race: Zerg Zerg
  • League: Gold
  • Spawn Location: 12:00

TATORREA

  • Race: Protoss Protoss
  • League: Gold
  • Spawn Location: 11:00

VOD

Have the link to the VOD?

Description

Time

  • Played on: Aug. 6, 2020, 9:37 p.m.
  • Length: 8:08
Show
View Real Time Build Order
Export as new Build Order

FreeMunny Zerg - Winner!

Build Orders: Hatch First 

Get SALT Encoding   

  12  0:00  Drone  
  13  0:14  Overlord  
  13  0:16  Drone  
  14  0:33  Drone x2  
  16  0:42  Drone  
  17  0:56  Hatchery  
  16  1:15  Hatchery  
  15  1:36  Hatchery  
  14  1:51  Spawning Pool  
  13  1:57  Overlord x3  
  13  2:16  Extractor  
  13  2:17  Drone x2  
  14  2:40  Roach Warren  
  14  2:41  Drone x8  
  21  2:44  Extractor  
  20  2:54  Overlord x3  
  20  2:59  Queen x4  
  28  3:08  Drone x2  
  30  3:23  Roach x9  
  48  3:46  Roach x5  
  48  3:47  Roach x5  
  68  3:56  Overlord x2  
  68  3:59  Overlord x2  
  68  4:12  Roach x6  
  68  4:14  Overlord x4  
  80  4:23  Drone x5  
  85  4:25  Drone  
  85  4:26  Drone  
  85  4:27  Drone  
  88  4:32  Drone x3  
  91  4:48  Roach  
  91  4:49  Roach x6  
  101  4:59  Roach x5  
  103  5:00  Roach  
  95  5:21  Roach  
  95  5:22  Roach x11  
  119  5:52  Zergling x2  
  119  5:53  Zergling x14  
  127  6:10  Roach  
  127  6:11  Roach x7  
  141  6:42  Roach  
  141  6:43  Roach  
  141  6:45  Overlord x4  
  141  6:46  Overlord x2  
  134  7:11  Spore Crawler  
  131  7:22  Spore Crawler  
  127  7:23  Spore Crawler  
  127  7:24  Spore Crawler x2  
  127  7:25  Spore Crawler  
  127  7:29  Spore Crawler  
  119  7:30  Spore Crawler  
  119  7:31  Overlord x2  
  119  7:32  Overlord x2  
  119  7:34  Spore Crawler x2  
  119  7:36  Spore Crawler  
  112  8:02  Extractor  
  112  8:03  Extractor  
Show
View Real Time Build Order
Export as new Build Order

Allelujah Protoss - Winner!

Build Orders:  

Get SALT Encoding   

  12  0:01  Probe  
  13  0:13  Probe  
  14  0:19  Pylon  
  14  0:25  Probe  
  15  0:33  Assimilator  
  15  0:35  Assimilator  
  15  0:38  Probe  
  16  0:50  Probe (Chrono Boost)  
  17  1:00  Probe (Chrono Boost)  
  18  1:05  Probe (Chrono Boost)  
  19  1:16  Pylon, Probe  
  20  1:28  Probe  
  21  1:40  Probe  
Show
View Real Time Build Order
Export as new Build Order

MrFercho Zerg 

Build Orders: Hatch First 

Get SALT Encoding   

  12  0:00  Drone  
  13  0:21  Overlord  
  13  0:22  Drone  
  14  0:39  Drone x2  
  16  0:53  Drone  
  16  0:56  Hatchery  
  16  0:57  Drone  
  17  1:04  Drone  
  18  1:11  Extractor  
  18  1:18  Spawning Pool  
  16  1:20  Drone  
  17  1:26  Drone  
  18  1:36  Drone  
  20  1:54  Drone  
  20  2:09  Queen x2  
  20  2:11  Zergling x6  
  27  2:24  Drone  
  27  2:28  Overlord  
  28  3:03  Lair  
  28  3:23  Drone x6  
  34  3:50  Drone x2  
  34  3:54  Overlord x3  
  36  3:58  Metabolic Boost  
  36  4:22  Hydralisk Den  
  35  4:33  Drone x6  
  41  4:39  Extractor  
  39  4:46  Extractor  
  39  4:49  Zergling x4  
  39  5:09  Spire  
  35  5:37  Evolution Chamber  
  35  5:41  Evolution Chamber  
  33  5:43  Evolution Chamber  
  33  5:44  Drone x4  
  33  5:45  Drone  
  33  5:46  Evolution Chamber  
  33  5:48  Muscular Augments  
  36  5:54  Extractor, Drone x3  
  36  5:55  Overlord  
  38  6:13  Hydralisk x5  
  38  6:17  Overseer  
  48  6:27  Mutalisk x2  
  50  6:37  Mutalisk  
  34  6:53  Mutalisk x2  
Show
View Real Time Build Order
Export as new Build Order

TATORREA Protoss 

Build Orders:  

Get SALT Encoding   

  12  0:03  Probe  
  13  0:15  Probe  
  14  0:23  Pylon  
  14  0:27  Probe  
  15  0:41  Probe  
  16  0:53  Probe  
  16  0:54  Gateway  
  17  0:58  Assimilator  
  17  1:01  Pylon  
  17  1:05  Probe  
  18  1:14  Gateway  
  18  1:17  Probe  
  19  1:20  Assimilator  
  19  1:30  Probe  
  20  1:42  Probe  
  21  1:50  Cybernetics Core  
  21  1:54  Probe (Chrono Boost)  
  22  1:58  Pylon  
  22  2:03  Probe (Chrono Boost)  
  23  2:13  Probe  
  24  2:25  Stalker (Chrono Boost)  
  24  2:26  Stalker (Chrono Boost)  
  24  2:28  Warp Gate  
  28  2:37  Shield Battery  
  28  2:39  Shield Battery  
  28  2:46  Stalker  
  30  2:55  Stalker  
  32  3:10  Nexus  
  32  3:16  Stalker  
  34  3:25  Stalker  
  36  3:37  Pylon  
  36  3:41  Pylon  
  36  3:46  Stalker  
  34  3:55  Stalker  
  40  4:10  Probe (Chrono Boost)  
  41  4:19  Robotics Facility  
  41  4:21  Probe (Chrono Boost)  
  42  4:28  Stalker  
  42  4:29  Probe  
  42  4:30  Probe  
  46  4:38  Stalker  
  48  4:41  Probe  
  48  4:42  Probe  
  44  4:53  Stalker  
  42  5:05  Stalker  
  34  5:16  Immortal (Chrono Boost)  
  34  5:30  Cybernetics Core  
  34  5:45  Immortal (Chrono Boost)  
  38  6:12  Shield Battery  
  38  6:15  Shield Battery  
  38  6:16  Gateway  
  38  6:18  Gateway  
Tags
 
Add a new tag
Caveats
  • Supply blocks, unpowered buildings, or Contaminate may cause inaccurate times.
  • Supply counts are checked every 10 seconds.